 Dungeon Crawl Stone Soup version 0.28.0 (webtiles) character file.

Game seed: 15220393589954333195

254 xSliceyx the Covered (level 6, -2/37 HPs)
             Began as a Gargoyle Fighter on Feb 5, 2022.
             Slain by a river rat (5 damage)
             ... in a sewer.
             The game lasted 00:07:05 (3238 turns).

xSliceyx the Covered (Gargoyle Fighter)             Turns: 3238, Time: 00:07:06

Health: -2/37      AC: 12    Str: 28    XL:     6   Next: 14%
Magic:  6/6        EV:  9    Int: 13    God:
Gold:   56         SH:  4    Dex:  9    Spells: 5/5 levels left

rFire   . . .      SeeInvis .   h - +3 whip
rCold   . . .      Faith    .   c - +0 buckler
rNeg    + . .      Spirit   .   b - +0 scale mail
rPois   ∞          Reflect  .   (no helmet)
rElec   +          Harm     .   (no cloak)
rCorr   .          Rampage  .   (no gloves)
Will    .....                   (no boots)
Stlth   ..........              (no amulet)
HPRegen 0.12/turn               l - ring "Siroyjoe" {Str+6 Int+5}
MPRegen 0.10/turn               (no ring)

@: mighty
A: sickness immunity, AC +4, negative energy resistance 1, electricity
resistance, torment resistance 1, petrification resistance
a: no special abilities


You were in a sewer.
You visited 1 branch of the dungeon, and saw 3 of its levels.
You also visited: Sewer.

You collected 56 gold pieces.

Inventory:

Hand Weapons
 a - a +0 long sword
 h - a +3 whip (weapon)
 m - a +0 battleaxe
Missiles
 j - 11 poisoned darts (quivered)
Armour
 b - a +0 scale mail (worn)
 c - a +0 buckler (worn)
Jewellery
 l - the ring "Siroyjoe" (left hand) {Str+6 Int+5}
   (You found it on level 3 of the Dungeon)

   [ring of strength]

   Str:       It affects your strength (+6).
   Int:       It affects your intelligence (+5).
Scrolls
 f - a scroll of noise {unknown}
 i - a scroll of identify {unknown}
 k - a scroll of immolation {unknown}
Potions
 d - 2 potions of might
 e - 3 potions of curing {unknown}
 g - 2 potions of flight {unknown}
 n - a potion of resistance {unknown}
 o - a potion of brilliance {unknown}


   Skills:
 - Level 3.2 Fighting
 - Level 1.7 Long Blades
 + Level 7.0 Armour
 - Level 4.0 Shields


You had 5 spell levels left.
You didn't know any spells.
Your spell library was empty.

Dungeon Overview and Level Annotations

Branches:
Dungeon (3/15)              Sewer (1/1)

Altars:
Elyvilon
Ru


Innate Abilities, Weirdness & Mutations

You are immune to sickness and miasma.
Your stone body is resilient. (AC +4)
You are immune to poison.
You resist negative energy. (rN+)
You are resistant to electric shocks. (rElec)
You are resistant to unholy torment.
You are immune to petrification.


Message History

The river rat bites you.
You closely miss the river rat.
The river rat is heavily wounded.
The river rat barely misses you.
You hit the river rat.
The river rat is severely wounded.
The river rat bites you.
You barely miss the river rat.
The river rat is severely wounded.
The river rat bites you.
Unknown command.
You closely miss the river rat.
The river rat is severely wounded.
The river rat bites you but does no damage.
You feel very mighty all of a sudden. The river rat bites you.
* * * LOW HITPOINT WARNING * * *
You whack the river rat!
You kill the river rat!
The river rat bites you!
* * * LOW HITPOINT WARNING * * *
You barely miss the river rat. The river rat barely misses you.
You closely miss the river rat.
The river rat bites you but does no damage.
You hit the river rat.
The river rat is lightly wounded.
The river rat bites you but does no damage.
You hit the river rat.
The river rat is moderately wounded.
The river rat bites you but does no damage.
You barely miss the river rat.
The river rat is moderately wounded.
The river rat bites you.
* * * LOW HITPOINT WARNING * * *
The river rat bites you but does no damage.
You whack the river rat!
You kill the river rat!
Your Armour skill increases to level 7!
You closely miss the river rat. The river rat bites you.
You die...

≈≈≈≈≈≈≈≈≈≈≈≈≈≈≈≈≈≈≈.≈.≈≈..≈≈≈≈
#####≈≈≈≈≈≈≈≈≈≈≈≈≈≈≈≈.......≈≈≈.≈
.#..#≈≈≈≈≈≈.≈≈..≈≈............≈≈.
...)#≈≈..≈≈......................
...)'............................
...)#.........†.##......†......†.
.#..##........#####.......##...†.
#########...######r..##..#####...
##### #@rr#####..######. #####
##..∩# ## #####


You could see a river rat and 2 rats.

Vanquished Creatures
  Jessica (D:2)
  An orc wizard (D:2)
  2 adders
  4 gnolls (D:2)
  4 river rats
  2 worms (D:3)
  3 dart slugs
  4 orcs (D:3)
  4 bats
  5 endoplasms
  7 giant cockroaches
  4 goblins
  6 hobgoblins
  4 quokkas
  16 ball pythons
  4 frilled lizards (D:1)
  12 kobolds
  17 rats
100 creatures vanquished.

Notes
Turn   | Place    | Note
-------+----------+-------------------------------------------
     0 | D:1      | xSliceyx the Gargoyle Fighter began the quest for the Orb.
     0 | D:1      | Reached XP level 1. HP: 14/14 MP: 1/1
    95 | D:1      | Reached XP level 2. HP: 19/19 MP: 2/2
   540 | D:1      | Reached XP level 3. HP: 23/23 MP: 3/3
   552 | D:1      | Reached skill level 4 in Armour
  1387 | D:2      | Reached XP level 4. HP: 28/28 MP: 4/4
  1417 | D:2      | Reached skill level 5 in Armour
  2100 | D:2      | Found a faded altar of an unknown god.
  2131 | D:2      | Noticed Jessica
  2138 | D:2      | Killed Jessica
  2139 | D:2      | Reached XP level 5. HP: 14/32 MP: 5/5
  2321 | D:2      | Found a white marble altar of Elyvilon.
  2537 | D:3      | Identified the ring "Siroyjoe" {Str+6 Int+5}
  2618 | D:3      | Reached skill level 6 in Armour
  2654 | D:3      | Found a sacrificial altar of Ru.
  2725 | D:3      | Found a glowing drain.
  2740 | Sewer    | Entered a sewer
  3076 | Sewer    | Reached XP level 6. HP: 32/37 MP: 6/6
  3238 | Sewer    | Reached skill level 7 in Armour
  3238 | Sewer    | Slain by a river rat

Illustrated notes

Levels and vault maps discovered:
D:1:      matt_arrival_spirals, layout_basic
D:2:      layout_basic, basic_altar, shapermc_ecumenical_altar_ellora,
          kennysheep_generic_room_16, uniq_jessica
D:3:      layout_rooms, mainiacjoe_overflow_six_doors_small,
          portal_sewer_entry_e
Sewer:    sewer_minmay_treatment

Skill      XL: |  1  2  3  4  5  6 |
---------------+-------------------+-----
Armour         | 4 5 6 7 |  7.0
Shields        | 4 |  4.0
Fighting       | |  3.2
Long Blades    | |  1.7

Action                   |  1- 3 |  4- 6 || total
-------------------------+-------+-------++-------
Melee: Long sword        |   103 |       ||   103
       Whip              |     2 |   204 ||   206
Throw: Dart              |       |     1 ||     1
  Use: Potion            |       |     1 ||     1
Armor: Scale mail        |    63 |    85 ||   148
Dodge: Dodged            |    46 |    84 ||   130
Block: Buckler           |    28 |    30 ||    58
